 Dungeon Crawl Stone Soup version 0.20.0-8-g6b59dc7 (webtiles) character file.

9 Gorglomux the Firebug (level 2, 0/24 HPs)
             Began as a Centaur Fire Elementalist on May 30, 2017.
             Hit by a stone thrown by a hobgoblin (3 damage)
             ... on level 1 of the Dungeon.
             The game lasted 00:01:01 (213 turns).

Gorglomux the Firebug (Centaur Fire Elementalist)    Turns: 213, Time: 00:01:01

Health: 0/24       AC:  4    Str: 10    XL:     2   Next: 3%
Magic:  0/4        EV:  9    Int: 14    God:
Gold:   17         SH:  0    Dex:  9    Spells: 3/4 levels left

rFire    . . .     SeeInvis .   (no weapon)
rCold    . . .     Gourm    .   (no shield)
rNeg     . . .     Faith    .   a - +0 robe
rPois    .         Spirit   .   (no helmet)
rElec    .         Reflect  .   (no cloak)
rCorr    .         Harm     .   (no gloves)
MR       .....                  (no barding)
Stlth    +.........             (no amulet)
Regen    0.1/turn               (no ring)
MPRegen  0.1/turn               (no ring)

@: very slightly contaminated, very quick
A: hooves 3, deformed body, speed 2, tough skin 3
a: no special abilities


You were on level 1 of the Dungeon.
You were not hungry.

You visited 1 branch of the dungeon, and saw 1 of its levels.

You collected 17 gold pieces.

Inventory:

Armour
 a - a +0 robe (worn)
Scrolls
 e - 2 scrolls of remove curse {unknown}
 f - a scroll of recharging {unknown}
 g - a scroll of fear {unknown}
Books
 b - a book of Flames

   Spells                             Type                      Level
   a - Flame Tongue                   Conjuration/Fire             1
   b - Throw Flame                    Conjuration/Fire             2
   c - Conjure Flame                  Conjuration/Fire             3
   d - Inner Flame                    Hexes/Fire                   3
   e - Sticky Flame                   Conjuration/Fire             4
   f - Fireball                       Conjuration/Fire             5
Comestibles
 c - a bread ration
 d - 3 chunks of flesh


   Skills:
 + Level 1.7 Fighting
 - Level 1.3 Dodging
 - Level 1.1 Stealth
 - Level 1.5 Spellcasting
 - Level 0.8 Conjurations
 - Level 2.6 Fire Magic


You had 3 spell levels left.
You knew the following spells:

 Your Spells              Type           Power        Failure   Level  Hunger
a - Flame Tongue          Conj/Fire      #....        12%         1    ##.....


Dungeon Overview and Level Annotations

Branches:
Dungeon (1/15)

Altars:


Innate Abilities, Weirdness & Mutations

You have hooves in place of feet.
Armour fits poorly on your strangely shaped body.
You cover ground very quickly.
You have extremely tough skin. (AC +3)


Message History

The hobgoblin throws a stone.
The stone barely misses you.
You see here a leather armour.
Casting: Flame Tongue
Confirm with . or Enter, or press ? or * to list all spells.
Aiming: Flame Tongue
Press: ? - help, Shift-Dir - straight line, f/p - goblin
Aim: a goblin, wielding a club (heavily wounded)
You miscast Flame Tongue.
You are very lightly contaminated with residual magic.
The air around you burns with energy!
You closely miss the goblin.
The goblin is heavily wounded.
The hobgoblin throws a stone.
The stone hits you but does no damage. The goblin hits you with a club.
* * * LOW HITPOINT WARNING * * *
You hit the goblin.
You kill the goblin!
You have reached level 2!
The hobgoblin throws a stone.
The stone hits you.
You die...

.# .. %..#+##### #. ..........
#.## ........##
###..######..(.....##
##.........###+###...(
##..≈≈≈≈≈≈≈..##. #####
##..≈≈...♣.≈≈..#.......#
#..≈≈..@....≈≈..# #....
#.≈≈..8)<..♣.≈≈.# #....
##.≈..♣...(.8..≈.# #....
#########..≈...........≈.####....
...........≈≈.♣...(...≈≈.##......
.........#..≈≈..8(...≈≈w..#......
.........##..≈≈..(..≈≈g..w...g...
....########..≈≈≈.≈≈≈...###......
....# #........†..## #......


You could see a dart slug and a hobgoblin.

Vanquished Creatures
  2 dart slugs (D:1)
  A goblin (D:1)
  A ball python (D:1)
  A bat (D:1)
  A frilled lizard (D:1)
6 creatures vanquished.

Vanquished Creatures (others)
  A goblin (D:1)
1 creature vanquished.

Grand Total: 7 creatures vanquished

Notes
Turn   | Place    | Note
-------+----------+-------------------------------------------
     0 | D:1      | Gorglomux the Centaur Fire Elementalist began the quest for the Orb.
     0 | D:1      | Reached XP level 1. HP: 14/14 MP: 3/3
    98 | D:1      | Reached skill level 1 in Fighting
   213 | D:1      | Reached XP level 2. HP: 3/24 MP: 0/4
   213 | D:1      | Hit by a stone thrown by a hobgoblin

Skill      XL: |  1 |
---------------+----+-----
Fighting       | 1 |  1.7
Dodging        | |  1.3
Stealth        | |  1.1
Spellcasting   | |  1.5
Conjurations   | |  0.8
Fire Magic     | |  2.6

Action                   || total
-------------------------++-------
Melee: Unarmed           ||    24
       Kick              ||     3
 Cast: Flame Tongue      ||     7
Armor: Robe              ||    15
Dodge: Dodged            ||    14
